 Dungeon Crawl Stone Soup version 0.31-a0-986-g5e6e4ef867 (webtiles) character file.

Game seed: 1901042582376244533

53 Dittersdorf the Trooper (level 4, 0/35 HPs)
             Began as a Human Fighter on Nov 9, 2023.
             Slain by Sigmund
             ... wielding a +0 scythe
              (10 damage)
             ... on level 2 of the Dungeon.
             The game lasted 00:01:52 (1925 turns).

Dittersdorf the Trooper (Human Fighter)             Turns: 1925, Time: 00:01:53

Health: 0/35       AC:  8    Str: 18    XL:     4   Next: 10%
Magic:  4/4        EV:  6    Int:  9    God:
Gold:   73         SH:  0    Dex: 12    Spells: 3/3 levels left

rFire   . . .        a - +0 long sword
rCold   . . .        o - +0 tower shield
rNeg    . . .        b - +0 scale mail
rPois   .            (no helmet)
rElec   .            (no cloak)
rCorr   .            m - +0 pair of gloves
SInv    .            (no boots)
Will    .....        (no amulet) Stlth
                     (no ring)
HPRegen 0.25/turn    (no ring)
MPRegen 0.09/turn

%: no passive effects
@: confused
A: no striking features
a: no special abilities


You were on level 2 of the Dungeon.
You visited 1 branch of the dungeon, and saw 2 of its levels.

You collected 73 gold pieces.

Inventory:

Hand Weapons
 a - a +0 long sword (weapon)
Missiles
 h - 4 curare-tipped darts (quivered)
Armour
 b - a +0 scale mail (worn)
 m - a +0 pair of gloves (worn)
 o - a +0 tower shield (worn)
Scrolls
 f - 2 scrolls of identify {unknown}
 j - a scroll of teleportation {unknown}
 k - a scroll of poison {unknown}
 l - 2 scrolls of immolation {unknown}
 n - a scroll of revelation {unknown}
Potions
 d - a potion of might
 e - a potion of curing {unknown}
 g - a potion of heal wounds {unknown}
 i - 2 potions of attraction {unknown}


   Skills:
 + Level 3.4 Fighting
 + Level 2.6 Long Blades
 + Level 3.4 Armour
 + Level 3.4 Shields


You had 3 spell levels left.
You didn't know any spells.
Your spell library contained the following spells:

 Spells                   Type           Power      Damage    Failure   Level
 Cigotuvi's Dreadful Rot  Necr/Pois/Air  0%         N/A       100%        2
 Dazzling Flash           Conj/Hex       0%         N/A       100%        3
 Ignite Poison            Fire/Tmut/Pois 0%         N/A       100%        3
 Agony                    Necr           0%         N/A       100%        5
 Freezing Cloud           Conj/Ice/Air   0%         6-21      100%        5
 Silence                  Hex/Air        0%         N/A       100%        5


Dungeon Overview and Level Annotations

Branches:
Dungeon (2/15)

Altars:

Annotations:
D:2 Robin, Sigmund


Message History

The gnoll shouts!
You hear a shout!
Sigmund the Dreaded comes into view.
He is wielding a +0 scythe.
Sigmund shouts!
A gnoll comes into view. It is wielding a +0 club.
Sigmund gestures wildly while chanting.
Sigmund flickers and vanishes!
Deactivating autopickup; reactivate with Ctrl-A.
Found a scroll labelled QESIBU HUCOT.
The gnoll shouts!
A gnoll comes into view. It is wielding a +0 club.
You block the gnoll's attack.
You hit the gnoll.
The gnoll is heavily wounded.
A gnoll comes into view. It is wielding a +0 halberd.
You block the gnoll's attack.
The gnoll shouts!
You hit the gnoll but do no damage.
The gnoll is heavily wounded.
You hear a bark!
You hear some strange, mumbled words.
You are confused.
The gnoll hits you with a +0 spear.
A jackal comes into view.
Something hits you. The gnoll hits you but does no damage.
The gnoll hits you with a +0 club.
You are too confused!
You are too confused!
You are too confused!
You are too confused!
You are too confused!
You are too confused!
The gnoll hits you from afar with a +0 spear.
The jackal barks!
Something completely misses you. The gnoll hits you but does no damage.
The gnoll hits you with a +0 club!
You bump into the rock wall.
The gnoll hits you from afar with a +0 halberd.
The gnoll hits you with a +0 club.
* * * LOW HITPOINT WARNING * * *
The gnoll barely misses you. Something hits you!
You die...

.. #.# #..# ####
.... ..... #..###
...
#######...###.# ##
#.....###.....#..#
#.........gg.g.#
#.....###.#@g#...#
#####.....<.##.{#
... #......######
#.h.. . #......#
##.## #.....## ##
... #.....# .. #?.
##...###.# ###.#
##
#..#####.####...
#.#.#.#.#.#.#.#


You could see 4 gnolls and a jackal.

Vanquished Creatures
  An adder (D:2)
  2 worms (D:2)
  A dart slug (D:2)
  A ball python (D:1)
  4 endoplasms
  10 goblins
  6 hobgoblins
  A jackal (D:1)
  2 quokkas
  2 bats
  A frilled lizard (D:1)
  A rat (D:1)
32 creatures vanquished.

Notes
Turn   | Place    | Note
-------+----------+-------------------------------------------
     0 | D:1      | Dittersdorf the Human Fighter began the quest for the Orb.
     0 | D:1      | Reached XP level 1. HP: 18/18 MP: 1/1
   508 | D:1      | Reached XP level 2. HP: 24/24 MP: 2/2
  1179 | D:2      | Reached XP level 3. HP: 14/29 MP: 3/3
  1687 | D:2      | Noticed Robin
  1834 | D:1      | Reached XP level 4. HP: 35/35 MP: 4/4
  1918 | D:2      | Noticed Sigmund
  1925 | D:2      | Slain by Sigmund

Illustrated notes

Levels and vault maps discovered:
D:1:      wheals_arrival_shading, layout_basic
D:2:      layout_rooms, ebering_ecumenical_altar_webs, st_stairs_10,
          uniq_crazy_yiuf_cottage, uniq_robin, uniq_sigmund

Action                     |  1- 3 |  4- 6 || total
---------------------------+-------+-------++-------
  Melee: Long sword        |   106 |     9 ||   115
 Armour: Scale mail        |    99 |    18 ||   117
  Dodge: Dodged            |    61 |     7 ||    68
  Block: Buckler           |    33 |     1 ||    34
         Tower shield      |       |     5 ||     5

Table legend: (Time is in decaauts)
 A = Elapsed time spent in this place.
 B = Non-inter-level travel time spent in this place.
 C = Inter-level travel time spent in this place.
 D = Time resting spent in this place.
 E = Time spent auto-exploring this place.
 F = Levels seen in this place.
 G = Mean time per level.
                   A        B        C        D        E       F      G
               +--------+--------+--------+--------+--------+-----+--------+
         Total |   1970 |   1882 |     88 |    391 |   1117 |   2 |  985.0 |
       Dungeon |   1970 |   1882 |     88 |    391 |   1117 |   2 |  985.0 |
               +--------+--------+--------+--------+--------+-----+--------+

Top non-repeatable levels by time:
     D:1: 1233 daAuts
     D:2: 737 daAuts
